[Event "EYTCC Open U18 2022"]
[Site "Thessaloniki"]
[Date "2022.07.13"]
[Round "2.13"]
[White "Antal, Hunor-Zoltan"]
[Black "Milikow, Elie"]
[Result "*"]
[ECO "B52"]
[WhiteElo "2263"]
[BlackElo "2433"]
[Annotator "ChessBase"]
[PlyCount "28"]
[EventDate "2022.07.12"]
[EventType "team-tourn"]
[EventCountry "GRE"]
[SourceTitle "playchess.com"]
[Source "ChessBase"]
[SourceQuality "1"]
[WhiteTeam "Romania"]
[BlackTeam "Israel"]
[WhiteTeamCountry "ROU"]
[BlackTeamCountry "ISR"]
[TimeControl "40/5400+30:1800+30"]

1. e4 c5 2. Nf3 d6 3. Bb5+ Bd7 4. Bxd7+ Nxd7 5. O-O Ngf6 6. Qe2 e6 7. b3 g6 8. Bb2 Bg7 9. c4 O-O 10. d4 cxd4 11. Nxd4 d5 12. e5 Ne4 13. cxd5 exd5 14. f3 Nxe5 *

[Event "EYTCC Open U18 2022"]
[Site "Thessaloniki"]
[Date "2022.07.13"]
[Round "2.14"]
[White "Guz, Ari"]
[Black "Deuer, Marius"]
[Result "1/2-1/2"]
[ECO "D15"]
[WhiteElo "2331"]
[BlackElo "2338"]
[Annotator "ChessBase"]
[PlyCount "71"]
[EventDate "2022.07.12"]
[EventType "team-tourn"]
[EventCountry "GRE"]
[SourceTitle "playchess.com"]
[Source "ChessBase"]
[SourceQuality "1"]
[WhiteTeam "Israel"]
[BlackTeam "Germany"]
[WhiteTeamCountry "ISR"]
[BlackTeamCountry "GER"]
[TimeControl "40/5400+30:1800+30"]

1. Nf3 d5 2. c4 c6 3. d4 Nf6 4. Nc3 dxc4 5. e4 b5 6. Be2 b4 7. Na4 Nxe4 8. Bxc4 Nd6 9. Be2 g6 10. Bf4 Bg7 11. Qd2 O-O 12. O-O a5 13. Nc5 Bg4 14. Rfd1 Qc8 15. Bh6 Bxh6 16. Qxh6 Bxf3 17. Bxf3 Nf5 18. Qf4 Nd7 19. Rac1 Nxc5 20. Rxc5 Rd8 21. Bxc6 Ra6 22. Bf3 Qd7 23. d5 Kg7 24. Rdc1 Qd6 25. Qc4 Ra7 26. Be4 Qf6 27. Bxf5 Qxf5 28. h3 Rd6 29. Qb5 Qd7 30. Qd3 e6 31. Qd4+ f6 32. Rc6 Rxd5 33. Qb6 Rd1+ 34. Rxd1 Qxd1+ 35. Kh2 Re7 36. Rxe6 1/2-1/2

[Event "EYTCC Open U18 2022"]
[Site "Thessaloniki"]
[Date "2022.07.13"]
[Round "2.15"]
[White "Colbow, Collin"]
[Black "Zemach, Nadav"]
[Result "1/2-1/2"]
[ECO "C29"]
[WhiteElo "2325"]
[BlackElo "2225"]
[Annotator "ChessBase"]
[PlyCount "82"]
[EventDate "2022.07.12"]
[EventType "team-tourn"]
[EventCountry "GRE"]
[SourceTitle "playchess.com"]
[Source "ChessBase"]
[SourceQuality "1"]
[WhiteTeam "Germany"]
[BlackTeam "Israel"]
[WhiteTeamCountry "GER"]
[BlackTeamCountry "ISR"]
[TimeControl "40/5400+30:1800+30"]

1. e4 e5 2. Nc3 Nf6 3. f4 d5 4. fxe5 Nxe4 5. Qf3 f5 6. d3 Nxc3 7. bxc3 d4 8. Qg3 dxc3 9. Be2 Be6 10. Bf3 Nc6 11. Bxc6+ bxc6 12. Ne2 Qd7 13. O-O Bc5+ 14. Be3 Bb6 15. a4 Ba5 16. Bc5 Bb6 17. Be3 Ba5 18. Bc5 Bb6 19. Qe3 Qe7 20. Bxb6 axb6 21. d4 O-O 22. Qxc3 Qd7 23. a5 bxa5 24. Nf4 a4 25. Rfb1 Rfd8 26. Ra3 g5 27. Nxe6 Qxe6 28. Rb4 Qd5 29. Raxa4 Rxa4 30. Rxa4 Qe4 31. h3 g4 32. Kh2 h5 33. Qd3 Qxd3 34. cxd3 f4 35. hxg4 hxg4 36. Rc4 Kf7 37. d5 Rxd5 38. Rxf4+ Ke6 39. d4 c5 40. dxc5 Rxc5 41. Kg3 Kxe5 1/2-1/2

[Event "EYTCC Open U18 2022"]
[Site "Thessaloniki"]
[Date "2022.07.13"]
[Round "2.15"]
[White "Palczert, Matyas"]
[Black "Falkevall, Axel"]
[Result "*"]
[WhiteElo "2321"]
[BlackElo "2275"]
[Annotator "ChessBase"]
[PlyCount "24"]
[EventDate "2022.07.12"]
[EventType "team-tourn"]
[EventCountry "GRE"]
[SourceTitle "playchess.com"]
[Source "ChessBase"]
[SourceQuality "1"]
[WhiteTeam "Hungary"]
[BlackTeam "Sweden"]
[WhiteTeamCountry "HUN"]
[BlackTeamCountry "SWE"]
[TimeControl "40/5400+30:1800+30"]

1. e4 e5 2. Nc3 Nf6 3. f4 d5 4. fxe5 Nxe4 5. Qf3 f5 6. d3 Nxc3 7. bxc3 d4 8. Qg3 dxc3 9. Be2 Be6 10. Bf3 Nc6 11. Bxc6+ bxc6 12. Ne2 Qd7 *

[Event "EYTCC Open U18 2022"]
[Site "Thessaloniki"]
[Date "2022.07.13"]
[Round "2.16"]
[White "Soderstrom, Adrian"]
[Black "Pasztor, Balazs"]
[Result "*"]
[ECO "B44"]
[WhiteElo "2292"]
[BlackElo "2336"]
[Annotator "ChessBase"]
[PlyCount "21"]
[EventDate "2022.07.12"]
[EventType "team-tourn"]
[EventCountry "GRE"]
[SourceTitle "playchess.com"]
[Source "ChessBase"]
[SourceQuality "1"]
[WhiteTeam "Sweden"]
[BlackTeam "Hungary"]
[WhiteTeamCountry "SWE"]
[BlackTeamCountry "HUN"]
[TimeControl "40/5400+30:1800+30"]

1. e4 c5 2. Nf3 e6 3. d4 cxd4 4. Nxd4 Nc6 5. Nc3 Qc7 6. Be3 a6 7. a3 Nf6 8. f4 Nxd4 9. Bxd4 d6 10. Qf3 Bd7 11. Bd3 *

[Event "EYTCC Open U18 2022"]
[Site "Thessaloniki"]
[Date "2022.07.13"]
[Round "2.16"]
[White "Vagman, Roy"]
[Black "Cherniaiev, Tykhon"]
[Result "1/2-1/2"]
[ECO "B48"]
[WhiteElo "2180"]
[BlackElo "2186"]
[Annotator "ChessBase"]
[PlyCount "78"]
[EventDate "2022.07.12"]
[EventType "team-tourn"]
[EventCountry "GRE"]
[SourceTitle "playchess.com"]
[Source "ChessBase"]
[SourceQuality "1"]
[WhiteTeam "Israel"]
[BlackTeam "Germany"]
[WhiteTeamCountry "ISR"]
[BlackTeamCountry "GER"]
[TimeControl "40/5400+30:1800+30"]

1. e4 c5 2. Nf3 e6 3. d4 cxd4 4. Nxd4 Nc6 5. Nc3 Qc7 6. Be3 a6 7. a3 Nf6 8. f4 Nxd4 9. Bxd4 d6 10. Qf3 Bd7 11. Bd3 Rc8 12. O-O Be7 13. Rae1 e5 14. fxe5 dxe5 15. Nd5 Qd6 16. Bc3 a5 17. Kh1 O-O 18. Nxe7+ Qxe7 19. Bxa5 Rfe8 20. Bb4 Qe6 21. Bd2 Bc6 22. Qg3 Kh8 23. Qh4 Nd7 24. Re3 Nc5 25. Rh3 Qg6 26. Rg3 Qe6 27. Rh3 Qg6 28. Rf5 Nxd3 29. cxd3 Bd7 30. Rg5 Qh6 31. Qxh6 gxh6 32. Rxh6 Rc2 33. Be3 Re2 34. Bg1 Rg8 35. Rxe5 Bg4 36. h3 Bf3 37. gxf3 Re1 38. Kh2 Re2+ 39. Kh1 Re1 1/2-1/2

[Event "EYTCC Open U18 2022"]
[Site "Thessaloniki"]
[Date "2022.07.13"]
[Round "2.17"]
[White "Subelj, Jan"]
[Black "Baum, Jonasz"]
[Result "1/2-1/2"]
[ECO "A29"]
[WhiteElo "2498"]
[BlackElo "2410"]
[Annotator "ChessBase"]
[PlyCount "124"]
[EventDate "2022.07.12"]
[EventType "team-tourn"]
[EventCountry "GRE"]
[SourceTitle "playchess.com"]
[Source "ChessBase"]
[SourceQuality "1"]
[WhiteTeam "Slovenia"]
[BlackTeam "Poland"]
[WhiteTeamCountry "SLO"]
[BlackTeamCountry "POL"]
[TimeControl "40/5400+30:1800+30"]

1. c4 e5 2. Nc3 Nf6 3. Nf3 Nc6 4. g3 d5 5. cxd5 Nxd5 6. Bg2 Nb6 7. O-O Be7 8. b3 O-O 9. Bb2 Re8 10. Rc1 Bf5 11. d3 Qd7 12. Ne4 f6 13. Nc5 Bxc5 14. Rxc5 Bh3 15. b4 Bxg2 16. Kxg2 Qf7 17. b5 Nd8 18. Qb3 Qxb3 19. axb3 Ne6 20. Rcc1 Rad8 21. Nd2 Rd5 22. f4 exf4 23. gxf4 Rxb5 24. Kf3 Nd5 25. e4 Ndxf4 26. Ke3 Ng6 27. Rf5 Rb6 28. Rg1 Kf7 29. d4 Ne7 30. Ra5 a6 31. d5 Ng5 32. Kd3 Ng6 33. Rc1 c6 34. Nc4 Rxb3+ 35. Kc2 Rh3 36. Nd6+ Ke7 37. Nxe8 Kxe8 38. dxc6 bxc6 39. Rxa6 Ne7 40. Ba3 Rxh2+ 41. Kb1 Nxe4 42. Bxe7 Nd2+ 43. Kb2 Nf3+ 44. Kc3 Kxe7 45. Ra7+ Ke6 46. Rxg7 Ne5 47. Rf1 c5 48. Ra7 Rh3+ 49. Kc2 Nf3 50. Kb2 f5 51. Ra5 Nd2 52. Re1+ Ne4 53. Rxc5 Kf6 54. Ra5 h5 55. Kc2 h4 56. Rf1 Rh2+ 57. Kd3 Ng3 58. Rg1 Kg5 59. Ke3 Rb2 60. Ra3 Kg4 61. Ra4+ Kh3 62. Re1 Rc2 1/2-1/2

[Event "EYTCC Open U18 2022"]
[Site "Thessaloniki"]
[Date "2022.07.13"]
[Round "2.17"]
[White "Tadic, Stefan"]
[Black "Kristoferitsch, Daniel"]
[Result "*"]
[WhiteElo "2356"]
[BlackElo "2312"]
[Annotator "ChessBase"]
[PlyCount "27"]
[EventDate "2022.07.12"]
[EventType "team-tourn"]
[EventCountry "GRE"]
[SourceTitle "playchess.com"]
[Source "ChessBase"]
[SourceQuality "1"]
[WhiteTeam "Serbia"]
[BlackTeam "Austria"]
[WhiteTeamCountry "SRB"]
[BlackTeamCountry "AUT"]
[TimeControl "40/5400+30:1800+30"]

1. c4 e5 2. Nc3 Nf6 3. Nf3 Nc6 4. g3 d5 5. cxd5 Nxd5 6. Bg2 Nb6 7. O-O Be7 8. b3 O-O 9. Bb2 Re8 10. Rc1 Bf5 11. d3 Qd7 12. Ne4 f6 13. Nc5 Bxc5 14. Rxc5 *

[Event "EYTCC Open U18 2022"]
[Site "Thessaloniki"]
[Date "2022.07.13"]
[Round "2.18"]
[White "Czopor, Maciej"]
[Black "Marn, Jan"]
[Result "1-0"]
[ECO "D31"]
[WhiteElo "2415"]
[BlackElo "2282"]
[Annotator "ChessBase"]
[PlyCount "127"]
[EventDate "2022.07.12"]
[EventType "team-tourn"]
[EventCountry "GRE"]
[SourceTitle "playchess.com"]
[Source "ChessBase"]
[SourceQuality "1"]
[WhiteTeam "Poland"]
[BlackTeam "Slovenia"]
[WhiteTeamCountry "POL"]
[BlackTeamCountry "SLO"]
[TimeControl "40/5400+30:1800+30"]

1. d4 d5 2. c4 e6 3. Nc3 Bb4 4. Nf3 dxc4 5. e3 b5 6. a4 c6 7. Bd2 a5 8. axb5 Bxc3 9. Bxc3 cxb5 10. b3 Bb7 11. bxc4 b4 12. Bb2 Nf6 13. Bd3 Nbd7 14. O-O Qc7 15. Re1 Ne4 16. Qc2 f5 17. d5 exd5 18. Nd4 Ne5 19. Ne6 Qd7 20. cxd5 Rc8 21. Qe2 Qxd5 22. Nf4 Qc5 23. Bxe4 fxe4 24. Rec1 Nc4 25. Qg4 Qe7 26. Nd5 Qf7 27. Qxe4+ Kf8 28. Rxc4 Rxc4 29. Qxc4 Qxd5 30. Qxd5 Bxd5 31. Rxa5 Bc6 32. Ra6 Bd7 33. Ra8+ Be8 34. Rb8 Kf7 35. f3 Rg8 36. Rxb4 Bd7 37. Rf4+ Ke6 38. Kf2 g6 39. Re4+ Kf7 40. Rf4+ Ke6 41. g4 Rc8 42. Kg3 Rc2 43. Bd4 Ke7 44. g5 Be6 45. Rh4 Bg8 46. Bf6+ Kf7 47. Ra4 Ke6 48. Ra7 Kd6 49. Rg7 Rc8 50. e4 Ra8 51. Be7+ Kc6 52. f4 Rb8 53. f5 gxf5 54. exf5 Kd5 55. Kg4 Ke5 56. Bf6+ Ke4 57. Re7+ Kd5 58. Kh5 Ra8 59. Kh6 Rc8 60. Kg7 Kd6 61. h4 Ra8 62. Re3 Kd7 63. Rd3+ Kc6 64. Rd8 1-0

[Event "EYTCC Open U18 2022"]
[Site "Thessaloniki"]
[Date "2022.07.13"]
[Round "2.18"]
[White "Marakovits, Nico"]
[Black "Ivanovic, Marko"]
[Result "*"]
[ECO "D31"]
[WhiteElo "2259"]
[BlackElo "2310"]
[Annotator "ChessBase"]
[PlyCount "26"]
[EventDate "2022.07.12"]
[EventType "team-tourn"]
[EventCountry "GRE"]
[SourceTitle "playchess.com"]
[Source "ChessBase"]
[SourceQuality "1"]
[WhiteTeam "Austria"]
[BlackTeam "Serbia"]
[WhiteTeamCountry "AUT"]
[BlackTeamCountry "SRB"]
[TimeControl "40/5400+30:1800+30"]

1. d4 d5 2. c4 e6 3. Nc3 Bb4 4. Nf3 dxc4 5. e3 b5 6. a4 c6 7. Bd2 a5 8. axb5 Bxc3 9. Bxc3 cxb5 10. b3 Bb7 11. bxc4 b4 12. Bb2 Nf6 13. Bd3 Nbd7 *

[Event "EYTCC Open U18 2022"]
[Site "Thessaloniki"]
[Date "2022.07.13"]
[Round "2.19"]
[White "Ljepic, Andrej"]
[Black "Pilshofer, Paul"]
[Result "*"]
[ECO "A45"]
[WhiteElo "2234"]
[BlackElo "2223"]
[Annotator "ChessBase"]
[PlyCount "30"]
[EventDate "2022.07.12"]
[EventType "team-tourn"]
[EventCountry "GRE"]
[SourceTitle "playchess.com"]
[Source "ChessBase"]
[SourceQuality "1"]
[WhiteTeam "Serbia"]
[BlackTeam "Austria"]
[WhiteTeamCountry "SRB"]
[BlackTeamCountry "AUT"]
[TimeControl "40/5400+30:1800+30"]

1. d4 Nf6 2. Nc3 d5 3. Bf4 e6 4. e3 a6 5. Bd3 c5 6. dxc5 Bxc5 7. Nf3 Nc6 8. O-O O-O 9. e4 h6 10. h3 Re8 11. e5 Nd7 12. Re1 b5 13. Qd2 Bf8 14. a4 b4 15. Ne2 Nc5 *

[Event "EYTCC Open U18 2022"]
[Site "Thessaloniki"]
[Date "2022.07.13"]
[Round "2.19"]
[White "Nareks, Matic"]
[Black "Klimkowski, Jan"]
[Result "0-1"]
[ECO "A45"]
[WhiteElo "2221"]
[BlackElo "2398"]
[Annotator "ChessBase"]
[PlyCount "106"]
[EventDate "2022.07.12"]
[EventType "team-tourn"]
[EventCountry "GRE"]
[SourceTitle "playchess.com"]
[Source "ChessBase"]
[SourceQuality "1"]
[WhiteTeam "Slovenia"]
[BlackTeam "Poland"]
[WhiteTeamCountry "SLO"]
[BlackTeamCountry "POL"]
[TimeControl "40/5400+30:1800+30"]

1. d4 Nf6 2. Nc3 d5 3. Bf4 e6 4. e3 a6 5. Bd3 c5 6. dxc5 Bxc5 7. Nf3 Nc6 8. O-O O-O 9. e4 h6 10. h3 Re8 11. e5 Nd7 12. Re1 b5 13. Qd2 Bf8 14. a4 b4 15. Ne2 Nc5 16. Ned4 Bb7 17. b3 Nxd3 18. Nxc6 Bxc6 19. Qxd3 Bb7 20. Nd4 Qh4 21. Bg3 Qh5 22. c3 bxc3 23. Qxc3 Rec8 24. Qa5 Qg5 25. Red1 Bc5 26. b4 Ba7 27. b5 axb5 28. Qxb5 Ba6 29. Qb3 Rab8 30. Nb5 Rc4 31. Qf3 Bxb5 32. axb5 Bc5 33. Rab1 h5 34. h4 Qg6 35. Kh2 Be7 36. b6 Bxh4 37. b7 Bxg3+ 38. fxg3 Rc7 39. Qa3 h4 40. gxh4 Qh5 41. Qg3 Rcxb7 42. Rxb7 Rxb7 43. Rd4 Rc7 44. Rg4 Qh6 45. Qb3 Rc8 46. Qb7 Rf8 47. Qe7 Qh5 48. Kh3 Qxe5 49. Rg5 Qf4 50. g3 Qf1+ 51. Kg4 Rc8 52. Kh5 Qf3+ 53. g4 Qe4 0-1

[Event "EYTCC Open U18 2022"]
[Site "Thessaloniki"]
[Date "2022.07.13"]
[Round "2.20"]
[White "Seemann, Jakub"]
[Black "Lavrencic, Matic"]
[Result "0-1"]
[ECO "B40"]
[WhiteElo "2382"]
[BlackElo "2151"]
[Annotator "ChessBase"]
[PlyCount "92"]
[EventDate "2022.07.12"]
[EventType "team-tourn"]
[EventCountry "GRE"]
[SourceTitle "playchess.com"]
[Source "ChessBase"]
[SourceQuality "1"]
[WhiteTeam "Poland"]
[BlackTeam "Slovenia"]
[WhiteTeamCountry "POL"]
[BlackTeamCountry "SLO"]
[TimeControl "40/5400+30:1800+30"]

1. e4 c5 2. Nf3 e6 3. d4 cxd4 4. Nxd4 Nf6 5. Nc3 Nc6 6. Nxc6 bxc6 7. e5 Nd5 8. Ne4 Qc7 9. f4 Qb6 10. c4 Bb4+ 11. Ke2 f5 12. Nf2 Ba6 13. Kf3 Ne7 14. Be3 Bc5 15. Bxc5 Qxc5 16. Qd6 Qa5 17. Be2 g5 18. Rhd1 g4+ 19. Ke3 Rd8 20. b3 Nc8 21. Qd4 c5 22. Qb2 Bb7 23. h3 h5 24. hxg4 hxg4 25. Rh1 Ke7 26. Rag1 Qb6 27. Qb1 d5 28. Rxh8 d4+ 29. Kd2 Rxh8 30. Nd3 Be4 31. Qb2 Rh2 32. Kc1 a5 33. Qd2 Kd7 34. Nb2 Qb4 35. Nd3 Qxd2+ 36. Kxd2 Kc6 37. Bf1 Ne7 38. Ke1 g3 39. Nc1 Ng6 40. Ne2 Nh4 41. Nxg3 Bxg2 42. Be2 d3 43. Bxd3 Nf3+ 44. Kf2 Bh1+ 45. Kf1 Nxg1 46. Kxg1 Rg2+ 0-1

[Event "EYTCC Open U18 2022"]
[Site "Thessaloniki"]
[Date "2022.07.13"]
[Round "2.20"]
[White "Guz, Ari"]
[Black "Deuer, Marius"]
[Result "*"]
[ECO "B40"]
[WhiteElo "2331"]
[BlackElo "2338"]
[Annotator "ChessBase"]
[PlyCount "36"]
[EventDate "2022.07.12"]
[EventType "team-tourn"]
[EventCountry "GRE"]
[SourceTitle "playchess.com"]
[Source "ChessBase"]
[SourceQuality "1"]
[WhiteTeam "Israel"]
[BlackTeam "Germany"]
[WhiteTeamCountry "ISR"]
[BlackTeamCountry "GER"]
[TimeControl "40/5400+30:1800+30"]

1. e4 c5 2. Nf3 e6 3. d4 cxd4 4. Nxd4 Nf6 5. Nc3 Nc6 6. Nxc6 bxc6 7. e5 Nd5 8. Ne4 Qc7 9. f4 Qb6 10. c4 Bb4+ 11. Ke2 f5 12. Nf2 Ba6 13. Kf3 Ne7 14. Be3 Bc5 15. Bxc5 Qxc5 16. Qd6 Qa5 17. Be2 g5 18. Rhd1 g4+ *

[Event "EYTCC Open U18 2022"]
[Site "Thessaloniki"]
[Date "2022.07.13"]
[Round "2.21"]
[White "Bilych, Olexiy"]
[Black "Svane, Frederik"]
[Result "1/2-1/2"]
[ECO "E32"]
[WhiteElo "2365"]
[BlackElo "2521"]
[Annotator "ChessBase"]
[PlyCount "69"]
[EventDate "2022.07.12"]
[EventType "team-tourn"]
[EventCountry "GRE"]
[SourceTitle "playchess.com"]
[Source "ChessBase"]
[SourceQuality "1"]
[WhiteTeam "Ukraine"]
[BlackTeam "Germany"]
[WhiteTeamCountry "UKR"]
[BlackTeamCountry "GER"]
[TimeControl "40/5400+30:1800+30"]

1. d4 Nf6 2. c4 e6 3. Nc3 Bb4 4. Qc2 O-O 5. Nf3 c5 6. dxc5 Na6 7. g3 Nxc5 8. Bg2 Nfe4 9. Bd2 Nxd2 10. Nxd2 Qa5 11. Rc1 Rb8 12. O-O Bxc3 13. Qxc3 Qxc3 14. Rxc3 a5 15. Ne4 b6 16. Nd6 Rd8 17. f4 Kf8 18. Rd1 Ke7 19. b3 Bb7 20. Nxb7 Nxb7 21. a3 Nc5 22. b4 Na6 23. Rb1 Rdc8 24. Be4 d5 25. Bd3 axb4 26. axb4 dxc4 27. Rxc4 Rxc4 28. Bxc4 Nc7 29. Ra1 Ra8 30. Rxa8 Nxa8 31. Kf2 Nc7 32. Ke3 b5 33. Bd3 Nd5+ 34. Kd4 Nxb4 35. Bxb5 1/2-1/2

[Event "EYTCC Open U18 2022"]
[Site "Thessaloniki"]
[Date "2022.07.13"]
[Round "2.21"]
[White "Colbow, Collin"]
[Black "Zemach, Nadav"]
[Result "*"]
[ECO "E32"]
[WhiteElo "2325"]
[BlackElo "2225"]
[Annotator "ChessBase"]
[PlyCount "35"]
[EventDate "2022.07.12"]
[EventType "team-tourn"]
[EventCountry "GRE"]
[SourceTitle "playchess.com"]
[Source "ChessBase"]
[SourceQuality "1"]
[WhiteTeam "Germany"]
[BlackTeam "Israel"]
[WhiteTeamCountry "GER"]
[BlackTeamCountry "ISR"]
[TimeControl "40/5400+30:1800+30"]

1. d4 Nf6 2. c4 e6 3. Nc3 Bb4 4. Qc2 O-O 5. Nf3 c5 6. dxc5 Na6 7. g3 Nxc5 8. Bg2 Nfe4 9. Bd2 Nxd2 10. Nxd2 Qa5 11. Rc1 Rb8 12. O-O Bxc3 13. Qxc3 Qxc3 14. Rxc3 a5 15. Ne4 b6 16. Nd6 Rd8 17. f4 Kf8 18. Rd1 *

[Event "EYTCC Open U18 2022"]
[Site "Thessaloniki"]
[Date "2022.07.13"]
[Round "2.22"]
[White "Koellner, Ruben Gideon"]
[Black "Prokofiev, Valentyn"]
[Result "1/2-1/2"]
[ECO "A48"]
[WhiteElo "2422"]
[BlackElo "2286"]
[Annotator "ChessBase"]
[PlyCount "201"]
[EventDate "2022.07.12"]
[EventType "team-tourn"]
[EventCountry "GRE"]
[SourceTitle "playchess.com"]
[Source "ChessBase"]
[SourceQuality "1"]
[WhiteTeam "Germany"]
[BlackTeam "Ukraine"]
[WhiteTeamCountry "GER"]
[BlackTeamCountry "UKR"]
[TimeControl "40/5400+30:1800+30"]

1. d4 Nf6 2. Nf3 g6 3. Nbd2 c5 4. e3 Bg7 5. dxc5 Qa5 6. a3 Qxc5 7. b4 Qc7 8. Bb2 d6 9. c4 O-O 10. Be2 b6 11. O-O Bb7 12. Rc1 Nbd7 13. Qb3 Rac8 14. Rfd1 Qb8 15. Nb1 Rc7 16. Nc3 a6 17. Ng5 Qa8 18. Bf1 h6 19. Nh3 g5 20. f4 gxf4 21. exf4 Rfc8 22. Re1 Qa7 23. Kh1 Nf8 24. Rcd1 Ng6 25. Na4 b5 26. cxb5 axb5 27. Nc3 Qa8 28. Re2 Bc6 29. Re3 Nh4 30. Rd2 Qb7 31. Re1 Ng4 32. Nd1 Bxb2 33. Qg3 Bd7 34. Rxb2 Ng6 35. Nhf2 Nf6 36. Be2 Kh8 37. Bf3 Qa7 38. Ne4 Qxa3 39. Nxf6 exf6 40. f5 Bxf5 41. Qxd6 Kg7 42. Rbe2 Rd7 43. Qg3 Qxb4 44. Rb2 Qa4 45. Ne3 Be6 46. Bg4 Bxg4 47. Nxg4 Rd1 48. Rb1 Rxb1 49. Rxb1 f5 50. Ne3 f4 51. Qh3 Qe4 52. Qf5 Qc6 53. Nf1 Rb8 54. Qd3 Qc5 55. Nd2 Re8 56. Nf3 b4 57. h3 Kg8 58. Qd4 Qxd4 59. Nxd4 Rb8 60. Nc6 Rb6 61. Nxb4 Nh4 62. Rb2 f3 63. gxf3 Nxf3 64. Nd3 Rd6 65. Nf4 Rd4 66. Ne2 Rh4 67. Kg2 Ng5 68. Rb3 Kg7 69. Ng1 Rf4 70. Ne2 Ra4 71. Rb2 f6 72. Ng1 Rf4 73. Ne2 Rc4 74. Ra2 h5 75. Rd2 Kg6 76. Rd3 Rc2 77. Kf1 Rc4 78. Kg2 Ra4 79. Nd4 Ra2+ 80. Kg3 Nf7 81. Nf3 Ne5 82. Nxe5+ fxe5 83. Rd8 Kf5 84. Rf8+ Ke4 85. Kh4 Ra3 86. Rh8 Kd4 87. Rd8+ Kc5 88. Kxh5 Rxh3+ 89. Kg4 Re3 90. Kf5 Re1 91. Rc8+ Kd5 92. Rd8+ Kc6 93. Rd2 Kc5 94. Rd8 e4 95. Kf4 e3 96. Rd3 e2 97. Ke3 Kc4 98. Rd4+ Kc3 99. Rd3+ Kc2 100. Rd2+ Kc3 101. Rxe2 1/2-1/2

[Event "EYTCC Open U18 2022"]
[Site "Thessaloniki"]
[Date "2022.07.13"]
[Round "2.22"]
[White "Vagman, Roy"]
[Black "Cherniaiev, Tykhon"]
[Result "*"]
[ECO "A48"]
[WhiteElo "2180"]
[BlackElo "2186"]
[Annotator "ChessBase"]
[PlyCount "31"]
[EventDate "2022.07.12"]
[EventType "team-tourn"]
[EventCountry "GRE"]
[SourceTitle "playchess.com"]
[Source "ChessBase"]
[SourceQuality "1"]
[WhiteTeam "Israel"]
[BlackTeam "Germany"]
[WhiteTeamCountry "ISR"]
[BlackTeamCountry "GER"]
[TimeControl "40/5400+30:1800+30"]

1. d4 Nf6 2. Nf3 g6 3. Nbd2 c5 4. e3 Bg7 5. dxc5 Qa5 6. a3 Qxc5 7. b4 Qc7 8. Bb2 d6 9. c4 O-O 10. Be2 b6 11. O-O Bb7 12. Rc1 Nbd7 13. Qb3 Rac8 14. Rfd1 Qb8 15. Nb1 Rc7 16. Nc3 *

[Event "EYTCC Open U18 2022"]
[Site "Thessaloniki"]
[Date "2022.07.13"]
[Round "2.23"]
[White "Czopor, Maciej"]
[Black "Marn, Jan"]
[Result "*"]
[ECO "B90"]
[WhiteElo "2415"]
[BlackElo "2282"]
[Annotator "ChessBase"]
[PlyCount "25"]
[EventDate "2022.07.12"]
[EventType "team-tourn"]
[EventCountry "GRE"]
[SourceTitle "playchess.com"]
[Source "ChessBase"]
[SourceQuality "1"]
[WhiteTeam "Poland"]
[BlackTeam "Slovenia"]
[WhiteTeamCountry "POL"]
[BlackTeamCountry "SLO"]
[TimeControl "40/5400+30:1800+30"]

1. e4 c5 2. Nf3 d6 3. d4 cxd4 4. Nxd4 Nf6 5. Nc3 a6 6. h3 e5 7. Nde2 h5 8. g3 Be6 9. Bg2 b5 10. a3 Be7 11. O-O Nbd7 12. Be3 Nb6 13. b3 *

[Event "EYTCC Open U18 2022"]
[Site "Thessaloniki"]
[Date "2022.07.13"]
[Round "2.23"]
[White "Hulka, Valentyn"]
[Black "Koelle, Tobias"]
[Result "1/2-1/2"]
[ECO "B90"]
[WhiteElo "2123"]
[BlackElo "2436"]
[Annotator "ChessBase"]
[PlyCount "120"]
[EventDate "2022.07.12"]
[EventType "team-tourn"]
[EventCountry "GRE"]
[SourceTitle "playchess.com"]
[Source "ChessBase"]
[SourceQuality "1"]
[WhiteTeam "Ukraine"]
[BlackTeam "Germany"]
[WhiteTeamCountry "UKR"]
[BlackTeamCountry "GER"]
[TimeControl "40/5400+30:1800+30"]

1. e4 c5 2. Nf3 d6 3. d4 cxd4 4. Nxd4 Nf6 5. Nc3 a6 6. h3 e5 7. Nde2 h5 8. g3 Be6 9. Bg2 b5 10. a3 Be7 11. O-O Nbd7 12. Be3 Nb6 13. b3 O-O 14. Qd2 Qc7 15. a4 b4 16. a5 Nc4 17. bxc4 bxc3 18. Nxc3 Bxc4 19. Rfd1 Be6 20. Na4 Rab8 21. Nb6 Rfd8 22. Qd3 Bc8 23. Ra3 Qb7 24. Rb3 Qc6 25. Rdb1 Qe8 26. Nxc8 Rbxc8 27. Qxa6 Nd7 28. Qe2 Nc5 29. Bxc5 Rxc5 30. Rb5 Qc6 31. Rxc5 Qxc5 32. Qxh5 Qxa5 33. Rb7 g6 34. Qf3 Kf8 35. Bf1 d5 36. Rb5 Qd2 37. exd5 Qxc2 38. Bd3 Qc1+ 39. Kg2 Qg5 40. Rb6 Rd6 41. Rxd6 Bxd6 42. h4 Qh5 43. Qxh5 gxh5 44. Be2 Kg7 45. Bxh5 e4 46. Kf1 f5 47. Ke2 Kf6 48. Be8 Ke5 49. Bf7 Bf8 50. Be6 Bc5 51. f4+ exf3+ 52. Kxf3 Kf6 53. h5 Bf8 54. Bd7 Ke5 55. Bc6 Bh6 56. Bb7 Bc1 57. Bc8 Kxd5 58. Bxf5 Ke5 59. Bc2 Kf6 60. g4 Ke5 1/2-1/2

[Event "EYTCC Open U18 2022"]
[Site "Thessaloniki"]
[Date "2022.07.13"]
[Round "2.24"]
[White "Nareks, Matic"]
[Black "Klimkowski, Jan"]
[Result "*"]
[ECO "B40"]
[WhiteElo "2221"]
[BlackElo "2398"]
[Annotator "ChessBase"]
[PlyCount "20"]
[EventDate "2022.07.12"]
[EventType "team-tourn"]
[EventCountry "GRE"]
[SourceTitle "playchess.com"]
[Source "ChessBase"]
[SourceQuality "1"]
[WhiteTeam "Slovenia"]
[BlackTeam "Poland"]
[WhiteTeamCountry "SLO"]
[BlackTeamCountry "POL"]
[TimeControl "40/5400+30:1800+30"]

1. e4 c5 2. Nf3 e6 3. g3 Nc6 4. Bg2 Qc7 5. O-O Nf6 6. Re1 Be7 7. c3 O-O 8. d4 cxd4 9. cxd4 d5 10. e5 Ne4 *